 Dungeon Crawl Stone Soup version 0.24-a0-720-gbbc45b0 (webtiles) character file.

Game seed: 8735956463417216821, levelgen mode: deterministic

42219 BoppinsLewinski the Basher (level 13, 0/106 HPs)
             Began as a Centaur Gladiator on Sept 23, 2019.
             Was the Champion of Hepliaklqana.
             Slain by a wolf (11 damage)
             ... on level 6 of the Lair of Beasts on Sept 30, 2019.
             The game lasted 01:20:39 (26244 turns).

BoppinsLewinski the Basher (Centaur Gladiator)     Turns: 26244, Time: 01:20:39

Health: 0/106      AC: -2    Str: 26    XL:     13   Next: 84%
Magic:  18/18      EV:  8    Int:  7    God:    Hepliaklqana [******]
Gold:   1270       SH:  0    Dex: 11    Spells: 12/12 levels left

rFire    . . .     SeeInvis .   r - +3 morningstar
rCold    . . .     Gourm    .   (no shield)
rNeg     . . .     Faith    .   h - +4 plate armour {MR+}
rPois    +         Spirit   .   x - +2 hat
rElec    .         Reflect  .   I - +0 cloak
rCorr    .         Harm     .   (no gloves)
MR       ++...                  (no barding)
Stlth    ..........             D - amulet of rage
HPRegen  0.27/turn              z - ring of Equilibrium {MR+ Str+4 Stlth-}
MPRegen  0.16/turn              j - ring of poison resistance

@: corroded, berserk cooldown, slowed
A: large, reduced essence, hooves 3, rugged brown scales 1, slimy green scales
1, deformed body, speed 2, tough skin 3
a: Recall Ancestor, Ancestor Identity, Transference, Idealise, Renounce
Religion, Evoke Berserk Rage


You were on level 6 of the Lair of Beasts.
You worshipped Hepliaklqana.
Hepliaklqana was exalted by your worship.
You were not hungry.

You visited 3 branches of the dungeon, and saw 18 of its levels.
You also visited: Sewer and Bailey.

You collected 1270 gold pieces.

Inventory:

Hand Weapons
 r - a +3 morningstar (weapon)
 B - the +6 spear "Rites" {flame, rElec Dex+3, unknown}
   (You found it on level 8 of the Dungeon)

   It has been specially enchanted to burn those struck by it, causing extra
   injury to most foes and up to half again as much damage against particularly
   susceptible opponents.
   It affects your dexterity (+3).
   It insulates you from electricity.
 K - a +0 dire flail
Missiles
 i - a throwing net (quivered)
 M - 9 curare-tipped darts
Armour
 c - a +0 helmet
 d - a +0 plate armour
 h - a +4 plate armour of magic resistance (worn)
 x - a +2 hat (worn)
 I - a +0 cloak (worn)
Jewellery
 j - a ring of poison resistance (right hand)
 p - an uncursed ring of protection from fire
 v - an uncursed ring of protection from cold
 z - the ring of Equilibrium (left hand) {MR+ Str+4 Stlth-}
   (You found it on level 6 of the Dungeon)

   [ring of attention]

   It affects your strength (+4).
   It affects your resistance to hostile enchantments.
   It makes you less stealthy.
 D - an amulet of rage (around neck)
 L - an uncursed amulet of faith {unknown}
 N - a +3 amulet of reflection {unknown}
Wands
 k - a wand of digging (4)
 m - a wand of enslavement (7)
 w - a wand of random effects (18)
 G - a wand of flame (9)
 H - a wand of polymorph (4)
Scrolls
 b - 5 scrolls of blinking
 e - 10 scrolls of remove curse
 o - 3 scrolls of fog
 s - a scroll of fear
 t - a scroll of amnesia
 u - 7 scrolls of teleportation
 y - 3 scrolls of enchant weapon
 A - a scroll of acquirement
 C - a scroll of vulnerability
Potions
 a - 2 potions of curing
 l - a potion of resistance {unknown}
 n - 2 potions of lignification
 q - 2 potions of ambrosia
 E - a potion of heal wounds
Comestibles
 f - 26 rations


   Skills:
 + Level 10.9 Fighting
 * Level 13.5 Maces & Flails
 - Level 2.1 Throwing
 + Level 7.7 Armour
 + Level 6.6 Dodging
 + Level 7.9 Invocations
 + Level 6.6 Evocations


You had 12 spell levels left.
You didn't know any spells.
Your spell library contained the following spells:

 Spells                   Type           Power        Failure   Level  Hunger
 Apportation              Tloc           #.....       99%         1    ##.....
 Beastly Appendage        Tmut           #.....       99%         1    ##.....
 Corona                   Hex            #......      99%         1    ##.....
 Magic Dart               Conj           #...         99%         1    ##.....
 Summon Butterflies       Summ           #.......     99%         1    ##.....
 Blink                    Tloc           N/A          100%        2    ###....
 Call Imp                 Summ           #.......     100%        2    ###....
 Corpse Rot               Necr           N/A          100%        2    ###....
 Ensorcelled Hibernation  Hex/Ice        #.....       100%        2    ###....
 Passwall                 Tmut/Erth      #.......     100%        2    ###....
 Searing Ray              Conj           #.....       100%        2    ###....
 Slow                     Hex            #.......     100%        2    ###....
 Sticks to Snakes         Tmut           #.......     100%        2    ###....
 Sublimation of Blood     Necr           #.........   100%        2    ###....
 Swiftness                Chrm/Air       #.......     100%        2    ###....
 Confuse                  Hex            #.......     100%        3    ####...
 Conjure Flame            Conj/Fire      #.......     100%        3    ####...
 Dazzling Spray           Conj/Hex       #.....       100%        3    ####...
 Lesser Beckoning         Tloc           #.........   100%        3    ####...
 Mephitic Cloud           Conj/Pois/Air  #.......     100%        3    ####...
 Spider Form              Tmut/Pois      #.........   100%        3    ####...
 Tukima's Dance           Hex            #.......     100%        3    ####...
 Cause Fear               Hex            #.........   100%        4    #####..
 Force Lance              Conj/Tloc      #.......     100%        4    #####..
 Fulminant Prism          Conj/Hex       #.........   100%        4    #####..
 Ice Form                 Ice/Tmut       #.......     100%        4    #####..
 Iskenderun's Mystic Bla  Conj           #.......     100%        4    #####..
 Passage of Golubria      Tloc           N/A          100%        4    #####..
 Agony                    Necr           #.......     100%        5    ######.
 Alistair's Intoxication  Tmut/Pois      #.......     100%        5    ######.
 Blade Hands              Tmut           #.........   100%        5    ######.
 Bolt of Draining         Conj/Necr      #.........   100%        5    ######.
 Dispel Undead            Necr           #.......     100%        5    ######.
 Excruciating Wounds      Chrm/Necr      #.........   100%        5    ######.
 Lee's Rapid Deconstruct  Erth           #.........   100%        5    ######.
 Silence                  Hex/Air        #.........   100%        5    ######.
 Yara's Violent Unravell  Hex/Tmut       #.........   100%        5    ######.
 Darkness                 Hex            #.........   100%        6    #######
 Deflect Missiles         Chrm/Air       #.........   100%        6    #######
 Invisibility             Hex            #.......     100%        6    #######
 Discord                  Hex            #.........   100%        8    #######


Dungeon Overview and Level Annotations

Branches:
Dungeon (11/15)            Temple (1/1) D:4            Lair (6/6) D:11
 Shoals (0/4) Lair:4        Snake (0/4) Lair:2        Slime (0/5) Lair:5
    Orc (0/2) D:11          Sewer (visited)          Bailey (visited)

Altars:
Ashenzari
Cheibriados
Dithmenos
Elyvilon
Fedhas
Gozag
Hepliaklqana
Kikubaaqudgha
Makhleb
Nemelex Xobeh
Okawaru
Qazlal
Ru
Sif Muna
Trog
Uskayaw
Vehumet
Wu Jian
Xom
Yredelemnul
Zin
The Shining One

Shops:
D:8 %

Annotations:
D:9 1 runed translucent door, tryharder's ghost, novice MiBe
D:10 exclusion: downstairs
D:11 2 transporters, quinnr's ghost, journeyman DrCj
Lair:2 exclusion: oklob plant


Innate Abilities, Weirdness & Mutations

You have hooves in place of feet.
Armour fits poorly on your strangely shaped body.
You cover ground very quickly.
You have extremely tough skin. (AC +3)
Your life essence is reduced to manifest your ancestor. (-10% HP)
You are partially covered in rugged brown scales. (AC +1, +3% HP)
You are partially covered in slimy green scales. (AC +2)


Message History

Unknown command.
Unknown command.
Tha blink frog hits ye but does nay damage.
Tha entropy wea'er casts a spell.
Tha entropic weave corrodes ye!
Tha wolf barely misses ye.
A soldier ant comes inta view.
Bertolius blocks tha worker ant's attack.
Bertolius hits tha worker ant wit' a +0 flail!
Tha worker ant barely misses Bertolius.
Tha entropy wea'er casts a spell.
Tha entropic weave corrodes ye!
Tha wolf pauses ta sniff tha ground.
Tha wolf bites ye.
* * * LOW HITPOINT WARNIN'
* * * Tha blink frog hits ye!!
* * * LOW HITPOINT WARNIN'
* * * Bertolius blocks tha worker ant's attack.
Tha entropy wea'er mumbles some strange words.
Tha entropic weave corrodes ye!
Tha wolf bites ye!
Ye die...

##.# .. #.#.......!# ##...#
.....####a#.......# #.P.#.###
##.#.#..#†........# ........##
#....#...a..#...#.# .........
....a##aR...##### # ........###
##....#.a.P##
........P.###....a..††..# ##
#.........P.....ha†....### .##
##..............@Fa#......###..##
.P....Y..PP.....#F#.....†.....#.#
.........##......#.....†.......##
.D..R....####...##....P..##.....#
....###.R.# ##.................##
....####.#.####.................#
.....###Y####..........#....###P#
.....##.....Y†.......#.#...## #
....P##..........#P.#......#


You could see the friendly Bertolius the knight, 2 entropy weavers, 2 blink
frogs, a soldier ant, a wolf and 4 worker ants.

Vanquished Creatures
  3 hydras
  A harpy (Lair:4)
  2 orc knights (Bailey)
  4 elephants
  3 black mambas
  8 spiny frogs
  11 komodo dragons
  A rime drake (Lair:1)
  2 polar bears
  7 blink frogs
  8 hippogriffs
  A spriggan (D:7)
  2 wyverns (D:11)
  34 yaks
  A basilisk (Lair:5)
  A warg (D:11)
  8 soldier ants (Lair:6)
  3 nagas (Lair:2)
  14 water moccasins
  13 porcupines
  5 orc warriors
  2 phantoms
  A black bear (Lair:1)
  An ice beast (D:11)
  A sky beast (D:6)
  3 ogres
  A necrophage (D:7)
  29 wolves
  4 centaurs
  5 big kobolds
  16 crocodiles
  The ghost of davecave the Ducker, an amateur DEGl (D:3)
  Blork the orc (D:8)
  17 bullfrogs
  A wyvern skeleton (D:8)
  A scorpion (D:10)
  A water moccasin skeleton (D:8)
  4 killer bees (D:10)
  3 electric eels
  13 wights
  8 howler monkeys
  6 crimson imps
  3 bullfrog skeletons
  4 hounds
  6 jellies
  6 orc wizards
  3 orc priests
  3 iguanas
  A gnoll shaman (D:8)
  3 hell rats (Lair:6)
  11 worker ants
  A killer bee zombie (D:9)
  A worker ant zombie (D:6)
  6 gnolls
  8 adders
  3 shadow imps (D:9)
  8 oozes
  2 adder skeletons
  6 dart slugs
  19 leopard geckos
  23 orcs
  12 giant cockroaches
  10 goblins
  12 hobgoblins
  10 jackals
  31 kobolds
  A quokka (D:3)
  18 ball pythons
  5 bats (D:1)
  17 frilled lizards
  A leopard gecko skeleton (D:4)
  11 rats
496 creatures vanquished.

Vanquished Creatures (collateral kills)
  Gastronok (Lair:3)
  An elephant (Lair:6)
  A black mamba (Lair:6)
  A troll (D:9)
  A wraith (D:10)
  A wyvern (D:11)
  6 yaks
  A hungry ghost (D:7)
  A water moccasin (Lair:4)
  3 orc warriors
  3 porcupines
  10 wolves
  3 crocodiles
  A killer bee (D:10)
  A wight (D:8)
  A crimson imp (D:6)
  A bullfrog zombie (D:11)
  A jelly (D:6)
  2 orc priests
  A hound (D:10)
  A bullfrog skeleton (D:11)
  3 orc wizards
  A worker ant (D:10)
  3 hell rats (Lair:6)
  An adder (D:10)
  A shadow imp (D:11)
  4 orcs
  A giant cockroach (D:6)
  9 kobolds
  3 fungi
68 creatures vanquished.

Vanquished Creatures (others)
  A warg (D:11)
  A worker ant (Lair:6)
  4 knights
  An orc (Bailey)
  A goblin (Bailey)
  A bush (Lair:6)
  5 fungi (Lair:6)
  9 plants
23 creatures vanquished.

Grand Total: 587 creatures vanquished

Notes
Turn   | Place    | Note
-------+----------+-------------------------------------------
     0 | D:1      | BoppinsLewinski the Centaur Gladiator began the quest for
                  | the Orb.
     0 | D:1      | Reached XP level 1. HP: 17/17 MP: 1/1
    31 | D:1      | Reached XP level 2. HP: 16/24 MP: 2/2
    58 | D:1      | Reached skill level 3 in Maces & Flails
   206 | D:1      | Reached XP level 3. HP: 27/30 MP: 3/3
   873 | D:2      | Reached skill level 1 in Armour
   873 | D:2      | Reached XP level 4. HP: 30/37 MP: 4/4
  1200 | D:2      | Found an ornate altar of the Wu Jian Council.
  1426 | D:3      | Found a shattered altar of Ashenzari.
  1581 | D:3      | Reached XP level 5. HP: 43/44 MP: 5/5
  1641 | D:3      | Found a runed translucent gate.
  1641 | D:3      | Found a runed translucent gate.
  1642 | D:3      | Found a runed translucent gate.
  1643 | D:3      | Noticed davecave's ghost (amateur DEGl)
  1660 | D:3      | Killed davecave's ghost
  1660 | D:3      | Reached skill level 4 in Maces & Flails
  2416 | D:4      | Found a glowing drain.
  2427 | D:4      | Reached XP level 6. HP: 51/51 MP: 6/6
  2434 | Sewer    | Entered a sewer
  2819 | Sewer    | Gained mutation: You are partially covered in rugged brown
                  | scales. (AC +1, +3% HP) [potion of mutation]
  2819 | Sewer    | Gained mutation: You are partially covered in slimy green
                  | scales. (AC +2) [potion of mutation]
  3239 | D:4      | Reached skill level 5 in Maces & Flails
  3239 | D:4      | Reached XP level 7. HP: 42/59 MP: 7/7
  3309 | D:4      | Found a shadowy altar of Dithmenos.
  3366 | D:4      | Found an ancient bone altar of Kikubaaqudgha.
  3446 | D:4      | Found a staircase to the Ecumenical Temple.
  3493 | D:4      | Found an opulent altar of Gozag.
  3515 | D:4      | Found a white marble altar of Elyvilon.
  3637 | D:4      | Found a snail-covered altar of Cheibriados.
  3870 | Temple   | Entered the Ecumenical Temple
  4078 | Temple   | Became a worshipper of Hepliaklqana the Forgotten
  4149 | D:5      | Entered Level 5 of the Dungeon
  4214 | D:5      | Found an iron altar of Okawaru.
  4364 | D:5      | Found a hide-covered altar of Uskayaw.
  4405 | D:5      | Found a glowing golden altar of the Shining One.
  4474 | D:5      | Reached * piety under Hepliaklqana
  4939 | D:5      | Reached skill level 1 in Invocations
  4995 | D:6      | HP: 2/54 [orc warrior/+0 glaive (15)]
  4997 | D:6      | Reached skill level 1 in Evocations
  5406 | D:6      | Reached XP level 8. HP: 62/62 MP: 9/9
  5656 | D:6      | Got a scorched jade ring
  5708 | D:6      | Found a burning altar of Makhleb.
  5712 | D:6      | Reached skill level 6 in Maces & Flails
  5812 | D:6      | Reached ** piety under Hepliaklqana
  5813 | D:6      | Remembered your ancestor Bertolius as a knight
  5904 | D:6      | Identified the ring of Equilibrium {MR+ Str+4 Stlth-} (You
                  | found it on level 6 of the Dungeon)
  6109 | D:7      | Reached skill level 5 in Fighting
  6234 | D:7      | Found a sacrificial altar of Ru.
  6721 | D:8      | Reached XP level 9. HP: 68/68 MP: 8/11
  6746 | D:8      | Found Doliam's Food Shoppe.
  6789 | D:8      | Found a flagged portal.
  6808 | Bailey   | Entered a bailey
  6889 | Bailey   | Noticed an orc warlord
  6920 | Bailey   | Noticed an orc knight
  6943 | Bailey   | Killed an orc knight
  6943 | Bailey   | Reached skill level 7 in Maces & Flails
  7164 | Bailey   | Found a runed translucent gate.
  7176 | Bailey   | Found a runed translucent gate.
  7315 | Bailey   | Noticed an orc knight
  7337 | Bailey   | Killed an orc knight
  7489 | Bailey   | Found a runed translucent gate.
  7633 | D:8      | Reached skill level 12 in Maces & Flails
  7633 | D:8      | Reached XP level 10. HP: 77/77 MP: 13/13
  7942 | D:8      | Noticed Blork the orc
  7964 | D:8      | Killed Blork the orc
  7970 | D:8      | Found a shimmering blue altar of Sif Muna.
  8216 | D:8      | Reached *** piety under Hepliaklqana
  8694 | D:8      | Got a dazzling spear
  8995 | D:9      | Found a sparkling altar of Nemelex Xobeh.
  9044 | D:9      | Found a sparkling altar of Nemelex Xobeh.
  9122 | D:9      | Reached XP level 11. HP: 43/82 MP: 14/14
  9315 | D:9      | Found a runed translucent door.
  9316 | D:9      | Found a shimmering altar of Xom.
  9316 | D:9      | Noticed tryharder's ghost (novice MiBe)
  9316 | D:9      | Noticed a +0 morningstar of chaos
  9404 | D:9      | Reached **** piety under Hepliaklqana
  9505 | D:9      | Found a sacrificial altar of Ru.
 10054 | D:9      | Reached skill level 5 in Dodging
 10097 | D:10     | Entered Level 10 of the Dungeon
 10840 | D:10     | Reached skill level 5 in Invocations
 11582 | D:10     | Reached ***** piety under Hepliaklqana
 12119 | D:11     | Found a staircase to the Lair.
 12348 | D:11     | Noticed a six-headed hydra
 12359 | D:11     | Killed a six-headed hydra
 12677 | D:11     | Found a staircase to the Orcish Mines.
 12793 | D:11     | Reached skill level 5 in Armour
 13154 | D:11     | Found a transporter.
 13156 | D:11     | Noticed a two-headed ogre
 13157 | D:11     | Noticed a two-headed ogre
 13157 | D:11     | Noticed quinnr's ghost (journeyman DrCj)
 13164 | D:11     | Found a transporter.
 13695 | Lair:1   | Entered Level 1 of the Lair of Beasts
 14432 | D:11     | Reached XP level 12. HP: 95/95 MP: 16/16
 16736 | Lair:2   | You fall into a shaft and drop 2 floors!
 17193 | Lair:1   | Upgraded the game from 0.24-a0-639-gb70a11d to
                  | 0.24-a0-654-g80d7c3d
 17712 | Lair:2   | Reached skill level 10 in Fighting
 17718 | Lair:2   | Reached skill level 5 in Evocations
 19258 | Lair:2   | Found a staircase to the Snake Pit.
 20064 | Lair:3   | Reached XP level 13. HP: 37/105 MP: 16/18
 21338 | Lair:3   | Noticed Gastronok
 21358 | Lair:3   | Killed Gastronok
 21798 | Lair:4   | Reached skill level 13 in Maces & Flails
 22108 | Lair:4   | Found a staircase to the Shoals.
 22157 | Lair:4   | Noticed Sonja
 22670 | Lair:4   | Noticed Sonja
 22670 | Lair:4   | Sonja changed into Sonja the harpy
 22682 | Lair:4   | Killed Sonja the harpy
 23281 | Lair:5   | Found a staircase to the Slime Pits.
 24525 | Lair:5   | Reached ****** piety under Hepliaklqana
 24688 | Lair:6   | Entered Level 6 of the Lair of Beasts
 24725 | Lair:6   | Upgraded the game from 0.24-a0-654-g80d7c3d to
                  | 0.24-a0-720-gbbc45b0
 24726 | Lair:6   | Identified a scroll of acquirement
 26228 | Lair:6   | Noticed an entropy weaver
 26232 | Lair:6   | Noticed an entropy weaver
 26244 | Lair:6   | Slain by a wolf

Levels and vault maps discovered:
D:1:      onia_arrival_handbag, layout_loops_ring, nrook_mini_backslash
D:2:      layout_basic, nicolae_overflow_hidden_temple, first_ration,
          minmay_tripent
D:3:      layout_loops_corners, ebering_ghost_rock_garden,
          cheibrodos_ashenzari_chains
D:4:      layout_loops_cross, overflow_temple_1_default, lemuel_round_altar,
          kennysheep_slug_shrine, kennysheep_little_box, grunt_gozag_statues,
          temple_pool_b, portal_sewer_entry_a
D:5:      layout_layer_cave, tso_oasis_becter, old_standard_altar,
          lemuel_round_altar, kennysheep_generic_room_11
D:6:      layout_rooms, makhleb_heckhound_becter, minmay_misc_feat_roman,
          grunt_decor_fettered
D:7:      layout_loops_ring, basic_altar, the_bakery
D:8:      layout_basic, tgw_sif, enter_bailey_6, serial_shops,
          nicolae_shop_stone, nicolae_two_hexagons
D:9:      layout_cross, nemelex_xobeh_ov_fountains_minmay, ebering_ghost_xom,
          basic_altar, minivault_14, chequers_serial_rivers_micro_e,
          grunt_decor_one_mirror, nicolae_ru_awakened_eye
D:10:     layout_grid_maze
D:11:     layout_roguey, minmay_lair_entry_grove, david_orc_1_choice,
          gammafunk_ghost_smash
Temple:   jpeg_temple_alley_garden
Lair:1:   layout_cave_pods, minmay_stone_trees_small
Lair:2:   layout_chaotic_city, minmay_snake_entry_guardpost_small,
          grunt_forest_large_clearings, grunt_megastairs_4,
          minmay_lair_oklob_chamber, infiniplex_staircase_pool
Lair:3:   layout_regular_city, grunt_megastairs_5, serial_bayou_shore_b,
          serial_bayou_shore_b, lemuel_fruit_fields, serial_bayou_shore_b,
          lemuel_fruit_tree, serial_bayou_shore_b, infiniplex_staircase_pool_2,
          uniq_gastronok
Lair:4:   layout_regular_city, shoals_dummy_entry, uniq_sonja
Lair:5:   layout_cave_shapes, minmay_slime_entry_pillars
Lair:6:   minmay_lair_end_enchanted_forest, layout_layer_cave,
          gauntlet_entry_generic, chequers_serial_rivers_micro_a, zaba_anthell

Skill      XL: |  1  2  3  4  5  6  7  8  9 10 11 12 13 |
---------------+----------------------------------------+-----
Maces & Flails | 3 4 5 6 12 13 | 13.5
Armour         | 1 2 3 4 5 7 |  7.7
Fighting       | 3 4 5 6 8 10 | 10.9
Dodging        | 3 4 5 6 |  6.6
Invocations    | 1 3 4 5 6 7 |  7.9
Evocations     | 1 2 3 4 5 6 |  6.6
Throwing       | |  2.1

Action                   |  1- 3 |  4- 6 |  7- 9 | 10-12 | 13-15 || total
-------------------------+-------+-------+-------+-------+-------++-------
Melee: Flail             |   124 |   292 |   192 |   215 |       ||   823
       Kick              |    28 |    48 |    48 |   248 |   150 ||   522
       Morningstar       |       |       |       |   534 |   349 ||   883
Throw: Throwing net      |       |     3 |     1 |       |     3 ||     7
Invok: Recall Ancestor   |       |       |     8 |     6 |     4 ||    18
       Ancestor Identity |       |       |     2 |       |       ||     2
       Ancestor Life: Kn |       |       |     1 |       |       ||     1
 Abil: Evoke Berserk Rag |       |       |       |     3 |     4 ||     7
Evoke: Wand              |       |       |    18 |    19 |     7 ||    44
       Phantom mirror    |       |       |       |       |     1 ||     1
  Use: Potion            |       |     4 |     8 |     9 |     1 ||    22
       Scroll            |       |     4 |     7 |    17 |     5 ||    33
 Stab: Distracted        |       |       |     1 |     4 |     1 ||     6
  Eat: Chunk             |       |     5 |     4 |    23 |       ||    32
       Ration            |       |       |     3 |     5 |     7 ||    15
Armor: Leather armour    |    13 |       |       |       |       ||    13
       Ring mail         |     7 |       |       |       |       ||     7
       Chain mail        |    78 |   216 |    39 |       |       ||   333
       Skin              |       |    58 |       |       |       ||    58
       Plate armour      |       |       |   109 |   521 |   301 ||   931
Dodge: Dodged            |    59 |    88 |    87 |   254 |   123 ||   611

Table legend:
 A = Non-vault XP
 B = Vault XP
 C = Vault XP percentage of total XP
 D = Non-vault monster count
 E = Vault monster count
 F = Vault count percentage of total count
                 A         B        C        D         E       F
            +---------+---------+-------+---------+---------+-------
      Total |   41154 |   14738 |  26.4 |     387 |     174 |  31.0
            +---------+---------+-------+---------+---------+-------
        D:1 |      57 |      10 |  14.9 |      32 |       4 |  11.1
        D:2 |      85 |      16 |  15.8 |      26 |       2 |   7.1
        D:3 |     108 |      97 |  47.3 |      16 |       1 |   5.9
        D:4 |     201 |      12 |   5.6 |       9 |       6 |  40.0
        D:5 |     349 |       0 |   0.0 |       8 |       0 |   0.0
        D:6 |     603 |      42 |   6.5 |      10 |       1 |   9.1
        D:7 |     639 |     224 |  26.0 |       9 |       1 |  10.0
        D:8 |    1789 |      94 |   5.0 |      41 |       1 |   2.4
        D:9 |    1879 |       0 |   0.0 |      44 |       0 |   0.0
       D:10 |    1153 |    1721 |  59.9 |      21 |      10 |  32.3
       D:11 |    5755 |     916 |  13.7 |      42 |      11 |  20.8
     Lair:1 |    6040 |     813 |  11.9 |      29 |       4 |  12.1
     Lair:2 |    3918 |    3625 |  48.1 |      18 |      29 |  61.7
     Lair:3 |    3369 |    2393 |  41.5 |      17 |       2 |  10.5
     Lair:4 |    4720 |     815 |  14.7 |      17 |       2 |  10.5
     Lair:5 |    4150 |     284 |   6.4 |      19 |       5 |  20.8
     Lair:6 |    6339 |    1957 |  23.6 |      29 |      16 |  35.6
      Sewer |       0 |     323 | 100.0 |       0 |      57 | 100.0
     Bailey |       0 |    1396 | 100.0 |       0 |      22 | 100.0
            +---------+---------+-------+---------+---------+-------
